 Dungeon Crawl Stone Soup version 0.24.1-14-gf8d2b509d9 (webtiles) character file.

Game seed: 5090822511364387369, levelgen mode: deterministic

21 Descartes the Charmwright (level 2, 0/13 HPs)
             Began as a Felid Skald on May 31, 2020.
             Killed by nerve-wracking pain
             ... invoked by Jessica
              (5 damage)
             ... on level 2 of the Dungeon.
             The game lasted 00:01:23 (550 turns).

Descartes the Charmwright (Felid Skald)              Turns: 550, Time: 00:01:24

Health: 0/13       AC:  1    Str:  7    XL:     2   Next: 62%
Magic:  6/6        EV: 18    Int: 14    God:
Gold:   25         SH:  0    Dex: 15    Spells: 4/5 levels left
                                        Lives:  0   Deaths: 0

rFire    . . .     SeeInvis +     - Unarmed
rCold    . . .     Gourm    .   (shield unavailable)
rNeg     . . .     Faith    .   (armour unavailable)
rPois    .         Spirit   .   (helmet unavailable)
rElec    .         Reflect  .   (cloak unavailable)
rCorr    .         Harm     .   (gloves unavailable)
MR       .....                  (boots unavailable)
Stlth    ++........             (no amulet)
HPRegen  0.04/turn              (no ring)
MPRegen  0.10/turn              (no ring)

@: quick
A: very small, no armour, no weapons or thrown items, stealth, claws 1, fangs 3,
see invisible, carnivore, speed 1, shaggy fur 1, slow metabolism 1, sharp paws
a: no special abilities


You were on level 2 of the Dungeon.
You were very full.

You visited 1 branch of the dungeon, and saw 2 of its levels.

You collected 25 gold pieces.

Inventory:

Missiles
 c - 32 stones
Scrolls
 a - a scroll of teleportation {unknown}
Potions
 d - a potion of magic {unknown}
Comestibles
 b - 2 rations
 f - 7 chunks of flesh


   Skills:
 + Level 2.1 Fighting
 + Level 3.3 Dodging
 * Level 1.6 Stealth
 * Level 2.4 Unarmed Combat
 + Level 2.1 Spellcasting
 + Level 3.8 Charms


You had 4 spell levels left.
You knew the following spells:

 Your Spells              Type           Power        Failure   Level  Hunger
a - Infusion              Chrm           ##..         4%          1    #......

Your spell library contained the following spells:

 Spells                   Type           Power        Failure   Level  Hunger
 Song of Slaying          Chrm           ##......     8%          2    ###....
 Shroud of Golubria       Chrm/Tloc      #.....       16%         2    ###....
 Regeneration             Chrm/Necr      #.........   32%         3    ###....
 Spectral Weapon          Hex/Chrm       Unusable     N/A         3    N/A

Dungeon Overview and Level Annotations

Branches:
Dungeon (1/15)

Altars:

Annotations:
D:2 Jessica


Innate Abilities, Weirdness & Mutations

You cannot wear armour.
You are incapable of wielding weapons or throwing items.
Your paws allow you to move quietly. (Stealth)
You have sharp claws.
You have razor-sharp teeth.
You have supernaturally acute eyesight. (SInv)
You are carnivorous and can eat meat at any time.
You cover ground quickly.
You are covered in fur. (AC +1)
You have a slow metabolism.
Your sharp claws are effective at attacking unaware monsters.


Message History

4 chunks of flesh; a hobgoblin skeleton
Things that are here:
4 chunks of flesh; a hobgoblin skeleton
f - 6 chunks of flesh (gained 4)
The worm bites you.
You see here 14 gold pieces.
You now have 25 gold pieces (gained 14).
Jessica the Apprentice Sorceress comes into view.
She is wielding a +0 dagger.
Things that are here:
a chunk of flesh; an adder skeleton
f - 7 chunks of flesh (gained 1)
Found a robe.
Jessica casts a spell.
Jessica seems to speed up.
Jessica gestures wildly while chanting.
Jessica blinks!
A frilled lizard comes into view.
Jessica gestures at you while chanting. Pain shoots through your body!
You die...

#............#
#............#
###########............#
..........................
...............÷........##
...........@#########+#.#
...............# .#
.............w.######.#.#
###########.....@.......
#...###....###
#..#...#..#... #..#.⌠.#..#
. #..#...# ≈# #..≈###≈l≈≈
#... ≈≈≈≈≈ #...≈ ≈≈≈≈≈


You could see a worm and Jessica.

Vanquished Creatures
  An adder (D:2)
  A leopard gecko (D:1)
  3 giant cockroaches
  2 hobgoblins
  A ball python (D:1)
  A bat (D:1)
  2 kobolds (D:1)
11 creatures vanquished.

Notes
Turn   | Place    | Note
-------+----------+-------------------------------------------
     0 | D:1      | Descartes the Felid Skald began the quest for the Orb.
     0 | D:1      | Reached XP level 1. HP: 9/9 MP: 4/4
   306 | D:1      | Reached skill level 1 in Stealth
   351 | D:1      | Reached XP level 2. HP: 13/13 MP: 6/6
   471 | D:1      | You fall into a shaft and drop 1 floor!
   522 | D:2      | Noticed Jessica
   550 | D:2      | Killed from afar by Jessica

Levels and vault maps discovered:
D:1:      minmay_arrival_stone_box, layout_basic, minmay_misc_feat_ornament
D:2:      layout_basic, fountainhead, uniq_jessica

Skill      XL: |  1 |
---------------+----+-----
Stealth        | 1 |  1.6
Fighting       | |  2.1
Dodging        | |  3.3
Unarmed Combat | |  2.4
Spellcasting   | |  2.1
Charms         | |  3.8

Action                   || total
-------------------------++-------
Melee: Unarmed           ||    54
       Bite              ||     1
 Stab: Sleeping          ||     3
  Eat: Chunk             ||     6
Armor: Skin              ||     4
Dodge: Dodged            ||    60
